 Dungeon Sprint DCSS version 0.15.2 (webtiles) character file.

1746 linden the Warrior (level 9, -5/119 HPs)
             Began as an Ogre Berserker on Jan 23, 2015.
             Was an Elder of Trog.
             Slain by a demonic crawler (9 damage)
             ... in the Dungeon (Sprint I: "Red Sonja").
             The game lasted 00:03:17 (1271 turns).

linden the Warrior (Ogre Berserker)                 Turns: 1271, Time: 00:03:17

HP  -5/119       AC  3     Str 26      XL: 9   Next:  6%
MP   9/9         EV 13     Int  7      God: Trog [****..]
Gold 405         SH  0     Dex  9      Spells:  0 memorised,  8 levels left

rFire  . . .     SeeInvis .     j - -3 giant spiked club (curse)
rCold  . . .     Clarity  .     b - +0 animal skin
rNeg   . . .     rCorr    .     (shield restricted)
rPois  .         rRot     .     (helmet restricted)
rElec  .         Spirit   .     (no cloak)
SustAb .         Warding  .     (gloves unavailable)
rMut   .         NoTele   +     (boots unavailable)
Gourm  .                        (no amulet)
MR     .....                    (no ring)
                                (no ring)

@: exhausted, hasted and slowed, not resistant to hostile enchantments, very
unstealthy
A: unfitting armour, tough skin 1
a: Burn Spellbooks, Berserk, Trog's Hand, Brothers in Arms, Renounce Religion


You were in the Dungeon.
You worshipped Trog.
Trog was greatly pleased with you.
You were very hungry.

You visited 1 branch You collected 405 gold pieces.

Inventory:

Hand weapons
 a - a +0 mace
 j - a cursed -3 giant spiked club (weapon)
Armour
 b - a +0 animal skin (worn)
Comestibles
 l - a slice of pizza
Potions
 d - a potion of curing
 g - 2 potions of magic
 h - a potion of berserk rage
 k - a potion of restore abilities {unknown}


   Skills:
 - Level 16.9 Fighting
 - Level 14.1 Maces & Flails
 + Level 9.1 Dodging


You had 8 spell levels left.
You didn't know any spells.

Dungeon Overview and Level Annotations

Branches:
Dungeon (1/1)

Altars:
Cheibriados
Dithmenos
Elyvilon
Fedhas
Kikubaaqudgha
Makhleb
Nemelex Xobeh
Okawaru
Qazlal
Sif Muna
Trog
Vehumet
Xom
Yredelemnul
Zin
The Shining One
Jiyva

Shops:
D (


Innate Abilities, Weirdness & Mutations

You are too large for most types of armour.
You have tough skin (AC +1).


Message History

The demonic crawler hits you.
* * * LOW HITPOINT WARNING * * *
The demonic crawler hits you.
* * * LOW HITPOINT WARNING * * *
Drink which item? (? for menu, Esc to quit)
Okay, then.
You impale the demonic crawler!!
The demonic crawler is heavily wounded.
The demonic crawler hits you.
* * * LOW HITPOINT WARNING * * *
The demonic crawler hits you!
* * * LOW HITPOINT WARNING * * *
The demonic crawler hits you.
* * * LOW HITPOINT WARNING * * *
The demonic crawler hits you but does no damage. x2
The demonic crawler barely misses you.
Drink which item? (? for menu, Esc to quit)
You feel yourself speed up. The demonic crawler barely misses you.
The demonic crawler hits you!
You die...

##################
.#..').#__#..'...#
.').#..'..'..#..@##+#
'#####'#__####...s..#
.#...#.#### #####..+
##..##.#≈§§§c# +##
_##'#..+§§≈§§
..'..._#≈≈§§c#
_##_.#+# +#### _###+#
##


You could see a demonic crawler.

Vanquished Creatures
  3 demonic crawlers (D)
  2 kobold demonologists (D)
  A slime creature (D)
  A yak (D)
  An ogre (D)
  Sigmund (D)
  A jelly (D)
  Ijyb (D)
  A white imp (D)
  A giant eyeball (D)
13 creatures vanquished.

Vanquished Creatures (others)
  A gargoyle (D)
1 creature vanquished.

Grand Total: 14 creatures vanquished

Notes
Turn   | Place    | Note
--------------------------------------------------------------
     0 | D        | linden, the Ogre Berserker, began the quest for the Orb.
     0 | D        | Reached XP level 1. HP: 24/24 MP: 1/1
     1 | D        | Noticed Ijyb
    13 | D        | Killed Ijyb
    13 | D        | Reached skill level 7 in Maces & Flails
    13 | D        | Reached XP level 2. HP: 32/32 MP: 2/2
   146 | D        | Noticed an ogre
   152 | D        | Killed an ogre
   152 | D        | Reached skill level 12 in Maces & Flails
   152 | D        | Reached XP level 3. HP: 39/39 MP: 3/3
   152 | D        | Reached XP level 4. HP: 48/48 MP: 4/4
   170 | D        | Noticed Sigmund
   176 | D        | Killed Sigmund
   176 | D        | Acquired Trog's second power
   176 | D        | Reached skill level 14 in Maces & Flails
   176 | D        | Reached XP level 5. HP: 29/54 MP: 5/5
   312 | D        | Killed a gargoyle
   321 | D        | Found a deep blue altar of Sif Muna.
   322 | D        | Noticed a jelly
   323 | D        | Found a radiant altar of Vehumet.
   325 | D        | Killed a jelly
   352 | D        | Found Maeceif's Weapon Emporium.
   352 | D        | Found a white marble altar of Elyvilon.
   352 | D        | Found a stormy altar of Qazlal.
   352 | D        | Found a burning altar of Makhleb.
   352 | D        | Found a basalt altar of Yredelemnul.
   352 | D        | Found a glowing golden altar of the Shining One.
   352 | D        | Found a sparkling altar of Nemelex Xobeh.
   352 | D        | Found a shimmering altar of Xom.
   352 | D        | Found an ancient bone altar of Kikubaaqudgha.
   352 | D        | Found a glowing silver altar of Zin.
   352 | D        | Noticed a yak
   358 | D        | Killed a yak
   358 | D        | Reached XP level 6. HP: 32/80 MP: 6/6
   359 | D        | Found an iron altar of Okawaru.
   360 | D        | Found a bloodstained altar of Trog.
   655 | D        | Noticed a centaur warrior
   655 | D        | Noticed a centaur warrior
   661 | D        | Found a snail-covered altar of Cheibriados.
   661 | D        | Found a viscous altar of Jiyva.
   661 | D        | Found a shadowy altar of Dithmenos.
   661 | D        | Found a blossoming altar of Fedhas.
   661 | D        | Noticed a slime creature
   666 | D        | Killed a slime creature
   666 | D        | Reached XP level 7. HP: 58/94 MP: 7/7
   783 | D        | Noticed a kobold demonologist
   784 | D        | Noticed a kobold demonologist
   786 | D        | Noticed a hellwing
   790 | D        | Noticed an iron devil
   794 | D        | Paralysed by a giant eyeball for 2 turns
   799 | D        | HP: 2/94 [kobold demonologist/dagger (5)]
   810 | D        | Noticed an orange demon
   811 | D        | Noticed a sun demon
   811 | D        | Killed a kobold demonologist
   811 | D        | Reached skill level 15 in Fighting
   813 | D        | HP: 4/100 [crimson imp[a kobold demonologist] (4)]
   815 | D        | HP: 1/100 [kobold demonologist/dagger (3)]
   816 | D        | Noticed a hellwing
   816 | D        | Killed a kobold demonologist
   816 | D        | Acquired Trog's third power
   816 | D        | Reached skill level 16 in Fighting
   816 | D        | Reached XP level 8. HP: 1/111 MP: 8/8
  1250 | D        | Noticed a demonic crawler
  1250 | D        | Noticed a demonic crawler
  1250 | D        | Noticed a demonic crawler
  1250 | D        | Noticed a demonic crawler
  1255 | D        | Killed a demonic crawler
  1255 | D        | Reached skill level 5 in Dodging
  1259 | D        | Killed a demonic crawler
  1264 | D        | Killed a demonic crawler
  1264 | D        | Reached XP level 9. HP: 38/119 MP: 9/9
  1268 | D        | HP: 1/119 [demonic crawler (10)]
  1271 | D        | Slain by a demonic crawler

Action                   |  1- 3 |  4- 6 |  7- 9 || total
-------------------------+-------+-------+-------++-------
Melee: Mace              |    15 |       |       ||    15
       Giant spiked club |       |    16 |    39 ||    55
Invok: Berserk           |     2 |     1 |     2 ||     5
       Trog's Hand       |       |       |     1 ||     1
  Use: Scroll            |       |       |     1 ||     1
       Potion            |       |       |     2 ||     2
  Eat: Meat ration       |       |       |     1 ||     1
